 Dungeon Crawl Stone Soup version 0.25-a0-860-gf695395b5c (webtiles) character file.

Game seed: 4188276018818349008, levelgen mode: deterministic

562 Maedhros the Sneak (level 7, 0/43 HPs)
             Began as an Octopode Artificer on Apr 27, 2020.
             Slain by an iguana (4 damage)
             ... on level 6 of the Dungeon.
             The game lasted 00:03:48 (1849 turns).

Maedhros the Sneak (Octopode Artificer)             Turns: 1849, Time: 00:03:49

Health: 0/43       AC:  8    Str: 11    XL:     7   Next: 31%
Magic:  12/12      EV: 13    Int: 13    God:
Gold:   190        SH:  0    Dex: 15    Spells: 6/6 levels left

rFire    . . .     SeeInvis .   x - +1 mace (protect)
rCold    . . .     Gourm    .   (no shield)
rNeg     . . .     Faith    .   (helmet restricted)
rPois    .         Spirit   .   (no amulet)
rElec    .         Reflect  .   (no ring)
rCorr    .         Harm     .   (no ring)
MR       .....                  (no ring)
Stlth    +++++.....             (no ring)
HPRegen  0.14/turn              (no ring)
MPRegen  0.13/turn              (no ring)
                                (no ring)
                                (no ring)

@: protection aura
A: almost no armour, stealthy swim, amphibious, 8 rings, constrict 8, camouflage
1, gelatinous body 1
a: no special abilities


You were on level 6 of the Dungeon.
You were not hungry.

You visited 1 branch of the dungeon, and saw 6 of its levels.

You collected 190 gold pieces.

Inventory:

Hand Weapons
 a - a +0 short sword
 x - a +1 mace of protection (weapon)
Missiles
 k - 15 poisoned darts (quivered)
Wands
 b - a wand of flame (10)
 c - a wand of enslavement (14)
 d - a wand of random effects (11)
 u - a wand of iceblast (7)
Scrolls
 e - 11 scrolls of identify {unknown}
 g - 3 scrolls of amnesia {unknown}
 h - a scroll of magic mapping {unknown}
 j - a scroll of fog {unknown}
 m - a scroll of enchant armour {unknown}
 n - a scroll of random uselessness {unknown}
 q - 5 scrolls of remove curse {unknown}
 r - a scroll of immolation {unknown}
 s - a scroll of fear {unknown}
 t - a scroll of teleportation {unknown}
Potions
 l - a potion of stabbing
 o - 2 potions of heal wounds {unknown}
 p - a potion of curing {unknown}
 v - 2 potions of cancellation {unknown}
Comestibles
 f - 9 rations


   Skills:
 - Level 1.0 Fighting
 - Level 1.0 Short Blades
 - Level 2.0 Dodging
 + Level 7.7 Stealth
 + Level 6.7 Evocations


You had 6 spell levels left.
You didn't know any spells.
Your spell library was empty.

Dungeon Overview and Level Annotations

Branches:
Dungeon (6/15)
 Temple: D:4-7

Altars:
Gozag
Nemelex Xobeh
Trog


Innate Abilities, Weirdness & Mutations

You cannot wear most types of armour.
You are very stealthy in the water. (Stealth+)
You are amphibious.
You can wear up to eight rings at the same time.
You can use your tentacles to constrict eight enemies at once.
Your skin changes colour to match your surroundings (Stealth+).
Your rubbery body absorbs attacks. (AC +1, EV +1)


Message History

The iguana bites you.
You closely miss the iguana. Your grab misses the iguana.
Your squeeze misses the iguana.
The iguana is lightly wounded.
The iguana bites you but does no damage.
The iguana bites you!
* * * LOW HITPOINT WARNING * * *
You closely miss the iguana. You grab the iguana.
The iguana is lightly wounded.
You constrict the iguana, but do no damage.
The iguana barely misses you.
You hit the iguana.
Your weapon exudes an aura of protection.
The iguana is moderately wounded.
You constrict the iguana, but do no damage.
The iguana bites you but does no damage.
You hit the iguana but do no damage.
The iguana is moderately wounded.
You constrict the iguana. The iguana bites you.
You die...

#.........................
#....................!....
#.........(...............
.......................
#.###.#......#.......# #
#.#.####.#######. #.#.#
#.# #l# .# #@# .# #.# #..
####


You could see an iguana.

Vanquished Creatures
  A sky beast (D:5)
  An ogre (D:5)
  A centaur (D:5)
  A scorpion (D:5)
  A crimson imp (D:5)
  2 hounds
  A centaur skeleton (D:5)
  3 worker ants
  A howler monkey skeleton (D:4)
  2 adders
  2 adder skeletons (D:5)
  A dart slug (D:2)
  2 leopard geckos
  9 orcs
  4 bats
  A giant cockroach (D:2)
  A goblin (D:2)
  A hobgoblin (D:2)
  A ball python (D:2)
  A ball python skeleton (D:4)
  A frilled lizard (D:2)
  3 rats
41 creatures vanquished.

Vanquished Creatures (collateral kills)
  An adder skeleton (D:6)
  An orc (D:6)
2 creatures vanquished.

Grand Total: 43 creatures vanquished

Notes
Turn   | Place    | Note
-------+----------+-------------------------------------------
     0 | D:1      | Maedhros the Octopode Artificer began the quest for the
                  | Orb.
     0 | D:1      | Reached XP level 1. HP: 13/13 MP: 3/3
   214 | D:2      | Reached skill level 2 in Stealth
   242 | D:2      | Reached XP level 2. HP: 16/18 MP: 4/4
   454 | D:3      | Reached skill level 3 in Stealth
   454 | D:3      | Reached XP level 3. HP: 15/23 MP: 5/5
   668 | D:4      | Noticed an ogre
   688 | D:4      | Found a bloodstained altar of Trog.
   688 | D:4      | Found a sparkling altar of Nemelex Xobeh.
   712 | D:4      | Reached XP level 4. HP: 15/28 MP: 7/7
   784 | D:4      | Reached skill level 4 in Stealth
   831 | D:4      | Found an opulent altar of Gozag.
   948 | D:5      | Entered Level 5 of the Dungeon
  1017 | D:5      | Reached skill level 5 in Evocations
  1017 | D:5      | Reached XP level 5. HP: 12/33 MP: 8/8
  1051 | D:5      | Noticed a sky beast
  1054 | D:5      | Killed a sky beast
  1054 | D:5      | Reached skill level 5 in Stealth
  1054 | D:5      | Reached XP level 6. HP: 19/38 MP: 8/10
  1104 | D:5      | Reached skill level 6 in Stealth
  1453 | D:5      | Reached skill level 7 in Stealth
  1464 | D:5      | Reached XP level 7. HP: 20/43 MP: 11/11
  1849 | D:6      | Slain by an iguana

Levels and vault maps discovered:
D:1:      dpeg_arrival_windows_large_door, layout_basic,
          chequers_serial_rivers_small_3, serial_bayou_lagoon_b
D:2:      layout_loops_ring, minivault_24
D:3:      layout_loops_ring, nicolae_qazlal_style_of_elements, zin_purify
D:4:      minmay_skewed_foursquare, layout_basic,
          gammafunk_temple_overflow_statue, first_ration,
          grunt_gozag_breadcrumbs
D:5:      layout_loops_ring
D:6:      layout_basic, minmay_temple_entry_mist, uniq_eustachio, uniq_pikel

Skill      XL: |  1  2  3  4  5  6 |
---------------+-------------------+-----
Stealth        | 2 3 4 5 7 |  7.7
Evocations     | 4 5 6 |  6.7
Fighting       | |  1.0
Short Blades   | |  1.0
Dodging        | |  2.0

Action                   |  1- 3 |  4- 6 |  7- 9 || total
-------------------------+-------+-------+-------++-------
Melee: Short sword       |    36 |    47 |       ||    83
       Constrict         |     6 |    14 |     3 ||    23
       Tentacles         |     5 |    10 |     6 ||    21
       Mace              |       |    13 |    21 ||    34
Evoke: Wand              |       |     9 |     1 ||    10
  Use: Potion            |       |       |     3 ||     3
 Stab: Sleeping          |     6 |     3 |     2 ||    11
       Paralysed         |       |     2 |       ||     2
  Eat: Chunk             |       |     2 |     1 ||     3
Armor: Skin              |     6 |     4 |     9 ||    19
Dodge: Dodged            |    31 |    36 |    12 ||    79

Table legend:
 A = Non-vault XP
 B = Vault XP
 C = Vault XP percentage of total XP
 D = Non-vault monster count
 E = Vault monster count
 F = Vault count percentage of total count
                 A         B        C        D         E       F
            +---------+---------+-------+---------+---------+-------
      Total |     803 |       0 |   0.0 |      43 |       0 |   0.0
            +---------+---------+-------+---------+---------+-------
        D:1 |       3 |       0 |   0.0 |       2 |       0 |   0.0
        D:2 |      15 |       0 |   0.0 |       9 |       0 |   0.0
        D:3 |      18 |       0 |   0.0 |       4 |       0 |   0.0
        D:4 |     108 |       0 |   0.0 |      10 |       0 |   0.0
        D:5 |     626 |       0 |   0.0 |      15 |       0 |   0.0
        D:6 |      33 |       0 |   0.0 |       3 |       0 |   0.0
            +---------+---------+-------+---------+---------+-------
